 Dungeon Crawl Stone Soup version 0.26.0-8-g74fc34ddfb (webtiles) character file.

Game seed: 9619172119232981466

86 shakesphere1979 the Poker (level 4, -2/43 HPs)
             Began as a Naga Berserker on Jan 12, 2021.
             Was a Believer of Trog.
             Killed from afar by an orc wizard (12 damage)
             ... with a puff of frost
             ... on level 3 of the Dungeon.
             The game lasted 00:23:11 (3185 turns).

shakesphere1979 the Poker (Naga Berserker)          Turns: 3185, Time: 00:23:12

Health: -2/43      AC:  2    Str: 20    XL:     4   Next: 50%
Magic:  4/4        EV: 10    Int:  8    God:    Trog [**....]
Gold:   114        SH:  0    Dex: 10    Spells: 3/3 levels left

rFire    . . .     SeeInvis +   o - +3 dagger
rCold    . . .     Faith    .   (no shield)
rNeg     . . .     Spirit   .   b - +0 animal skin
rPois    +         Reflect  .   (no helmet)
rElec    .         Harm     .   (no cloak)
rCorr    .         Rampage  .   (no gloves)
Will     .....                  (no barding)
Stlth    ++........             (no amulet)
HPRegen  0.14/turn              (no ring)
MPRegen  0.09/turn              (no ring)

@: very slow
A: large, see invisible, deformed body, poison resistance, slowness 2, spit
poison 1, AC +1
a: Spit Poison, Renounce Religion, Berserk, Trog's Hand


You were on level 3 of the Dungeon.
You worshipped Trog.
Trog was pleased with you.
You visited 1 branch of the dungeon, and saw 3 of its levels.

You collected 114 gold pieces.

Inventory:

Hand Weapons
 o - a +3 dagger (weapon)
Missiles
 d - 78 stones
 e - 7 boomerangs
 g - 18 arrows
 p - 3 poisoned darts
Armour
 b - a +0 animal skin (worn)
 n - a cursed +0 chain mail
Jewellery
 r - an uncursed amulet of guardian spirit {unknown}
Scrolls
 a - a scroll of remove curse {unknown}
 l - 2 scrolls of identify {unknown}
 m - 2 scrolls of teleportation {unknown}
 q - a scroll of immolation {unknown}
Potions
 c - a potion of flight {unknown}
 f - a potion of attraction {unknown}
 h - 2 potions of resistance {unknown}
 i - 2 potions of berserk rage {unknown}
 j - 2 potions of magic {unknown}
 k - a potion of lignification {unknown}


   Skills:
 + Level 3.6 Fighting
 + Level 0.5 Short Blades
 + Level 3.8 Polearms
 + Level 1.7 Armour
 + Level 2.0 Dodging
 + Level 2.3 Stealth


You had 3 spell levels left.
You didn't know any spells.
Your spell library was empty.

Dungeon Overview and Level Annotations

Branches:
Dungeon (3/15)

Altars:
Ashenzari
Dithmenos


Innate Abilities, Weirdness & Mutations

You cannot wear boots.
Your serpentine skin is tough. (AC +1)
You have supernaturally acute eyesight. (SInv)
Armour fits poorly on your strangely shaped body.
Your system is resistant to poisons. (rPois)
You cover ground very slowly.
You can spit poison.


Message History

The orc hits you but does no damage.
You hear a shout!
You barely miss the orc.
The orc is heavily wounded.
You hear a shout!
You hear two shouts!
A bat comes into view.
The orc hits you with a +0 trident.
The bat moves out of view.
You barely miss the orc.
The orc is heavily wounded.
The orc wizard gestures at you while chanting.
The puff of flame hits you. The orc hits you but does no damage.
The orc hits you from afar with a +0 trident.
You see here a robe.
The orc wizard begins to cast a cantrip, but forgets the words!
The orc wizard points at you and mumbles some strange words.
The puff of frost hits you!
* * * LOW HITPOINT WARNING * * *
The orc wizard gestures at you while chanting.
The puff of frost hits you!
You die...

#.# #.# #.# #.#
#.# #.# #<# #.#
#@# ##.# #.o# #o##
#K# #
###.###g######...#
#.........).......
#.#.###.######...#
#[# #


You could see an orc wizard, an orc, a goblin and a kobold.

Vanquished Creatures
  2 worms (D:2)
  A dart slug (D:2)
  4 leopard geckos
  5 orcs (D:3)
  2 ball pythons
  4 giant cockroaches
  6 goblins
  9 hobgoblins
  7 jackals (D:1)
  2 kobolds
  A quokka (D:2)
  11 bats
  4 frilled lizards
  8 rats
66 creatures vanquished.

Vanquished Creatures (others)
  18 plants (D:2)
18 creatures vanquished.

Grand Total: 84 creatures vanquished

Notes
Turn   | Place    | Note
-------+----------+-------------------------------------------
     0 | D:1      | shakesphere1979 the Naga Berserker began the quest for the
                  | Orb.
     0 | D:1      | Reached XP level 1. HP: 21/21 MP: 1/1
   271 | D:1      | Reached XP level 2. HP: 14/28 MP: 2/2
   588 | D:1      | Reached skill level 1 in Stealth
   943 | D:1      | Reached XP level 3. HP: 26/34 MP: 3/3
  1079 | D:1      | Found a broken altar of Ashenzari.
  1201 | D:1      | Reached ** piety under Trog
  1943 | D:2      | Found a shadowy altar of Dithmenos.
  2171 | D:2      | Reached XP level 4. HP: 30/43 MP: 4/4
  3185 | D:3      | Killed from afar by an orc wizard

Illustrated notes

Levels and vault maps discovered:
D:1:      onia_arrival_handbag, layout_loops_corners, serial_forest,
          infiniplex_forest_lined_2, infiniplex_forest_straight_2,
          infiniplex_forest_end_3, infiniplex_forest_zigzag_1,
          infiniplex_forest_straight_3, infiniplex_forest_join,
          chequers_serial_rivers_room_b, hex_medium, evilmike_ruin_ashenzari
D:2:      layout_basic, lemuel_round_altar, serial_bayou, serial_bayou_lake_a,
          serial_bayou_pond_e, serial_bayou_ford_a, serial_bayou_pond_e,
          nrook_campfire
D:3:      layout_loops_ring, uniq_ijyb

Skill      XL: |  1  2  3  4 |
---------------+-------------+-----
Stealth        | 1 2 |  2.3
Dodging        | 2 |  2.0
Fighting       | |  3.6
Short Blades   | |  0.5
Polearms       | |  3.8
Armour         | |  1.7

Action                   |  1- 3 |  4- 6 || total
-------------------------+-------+-------++-------
Melee: Spear             |   154 |       ||   154
       Dagger            |     5 |    76 ||    81
 Stab: Sleeping          |     5 |     1 ||     6
Armor: Animal skin       |    19 |    13 ||    32
Dodge: Dodged            |    70 |    22 ||    92
